Map: Eindringling LE

Players

Panda

  • Race: Zerg Zerg
  • League: Diamond
  • Spawn Location: 11:00

Axirus - Winner!

  • Race: Zerg Zerg
  • League: Diamond
  • Spawn Location: 5:00

VOD

Have the link to the VOD?

Description

Time

  • Played on: Sept. 8, 2017, 3:31 p.m.
  • Length: 14:27
Show
View Real Time Build Order
Export as new Build Order

Panda Zerg 

Build Orders: Pool First, Zergling Baneling 

Get SALT Encoding   

  12  0:01  Drone  
  13  0:15  Extractor  
  12  0:24  Spawning Pool  
  11  0:29  Drone  
  12  0:36  Drone  
  13  0:45  Overlord  
  13  0:51  Drone  
  14  1:11  Zergling x2  
  14  1:12  Zergling x4  
  14  1:15  Metabolic Boost  
  17  1:27  Zergling x2  
  18  1:35  Baneling Nest  
  18  1:36  Zergling x2  
  18  1:49  Queen  
  20  1:54  Zergling x2  
  20  2:00  Zergling x2  
  20  2:20  Zergling x4  
  22  2:29  Overlord  
  20  2:39  Zergling x2  
  21  2:52  Zergling x2  
  21  3:01  Zergling x2  
  19  3:15  Baneling x2  
  19  3:16  Zergling x4  
  19  3:17  Zergling x2  
  20  3:47  Baneling x4  
  20  3:48  Zergling x4  
  21  4:03  Zergling x2  
  21  4:04  Zergling x2  
  23  4:15  Zergling x2  
  20  4:35  Baneling x2  
  19  4:40  Baneling x2  
  19  4:42  Drone x3  
  22  4:52  Spine Crawler, Roach Warren  
  20  5:02  Hatchery  
  18  5:09  Zergling x2  
  18  5:10  Zergling x6  
  22  5:26  Overlord x3  
  22  5:48  Roach  
  23  6:06  Drone x4  
  23  6:07  Extractor  
  26  6:17  Queen  
  28  6:19  Drone  
  27  6:34  Zergling x2  
  27  6:35  Zergling x4  
  29  6:47  Roach  
  29  6:48  Roach x2  
  35  6:58  Baneling  
  35  7:23  Drone x4  
  35  7:25  Drone x3  
  35  7:28  Lair  
  40  7:45  Drone x3  
  40  7:46  Overlord  
  43  8:04  Queen  
  45  8:27  Drone x3  
  45  8:29  Extractor x2  
  45  8:36  Evolution Chamber  
  45  8:37  Drone  
  45  8:38  Drone x2  
  45  8:39  Spine Crawler x2  
  45  8:49  Spire  
  45  8:54  Drone x2  
  46  8:55  Drone  
  46  9:04  Spine Crawler  
  46  9:05  Spine Crawler  
  46  9:07  Spine Crawler  
  43  9:10  Drone  
  44  9:28  Overlord  
  44  9:29  Overlord  
  44  9:30  Drone  
  45  9:31  Drone  
  46  9:42  Overlord  
  46  9:53  Roach x2  
  46  9:54  Roach  
  52  10:24  Mutalisk  
  52  10:25  Mutalisk x4  
  52  10:26  Mutalisk  
  64  10:38  Mutalisk x2  
  67  10:51  Drone x5  
  72  10:59  Overlord  
  72  11:00  Overlord  
  72  11:26  Drone x5  
  77  11:34  Hatchery  
  76  11:49  Roach  
  76  11:50  Roach x6  
  91  11:54  Drone  
  91  12:02  Drone  
  91  12:03  Overlord x2  
  92  12:31  Roach x3  
  92  12:32  Roach x5  
  92  12:33  Overlord  
  75  13:34  Drone x3  
  75  13:35  Drone x3  
  77  13:44  Infestation Pit  
  68  13:54  Roach x2  
  70  14:01  Drone x3  
  67  14:04  Roach  
  67  14:05  Roach  
  67  14:09  Overlord  
Show
View Real Time Build Order
Export as new Build Order

Axirus Zerg - Winner!

Build Orders: Pool First 

Get SALT Encoding   

  12  0:01  Drone  
  13  0:09  Drone  
  14  0:16  Overlord  
  14  0:35  Drone x3  
  17  0:45  Spawning Pool  
  17  0:47  Drone  
  17  0:52  Extractor  
  16  0:58  Drone  
  17  1:19  Hatchery  
  17  1:22  Drone  
  17  1:31  Queen  
  19  1:34  Zergling x2  
  19  1:38  Drone  
  21  1:50  Spine Crawler, Zergling x2  
  21  1:56  Overlord  
  21  2:03  Zergling x2  
  22  2:14  Queen  
  22  2:20  Zergling x2  
  22  2:26  Metabolic Boost  
  22  2:33  Zergling x4  
  22  2:50  Zergling x10  
  23  3:00  Queen  
  23  3:04  Zergling x2  
  23  3:20  Queen  
  22  3:43  Queen, Zergling x4  
  23  3:49  Zergling x4  
  23  3:50  Zergling x2  
  26  4:02  Zergling x6  
  29  4:16  Drone x2  
  22  4:17  Drone  
  22  4:39  Drone x3  
  25  4:52  Zergling x6  
  28  4:57  Drone  
  28  4:59  Drone  
  28  5:22  Drone x3  
  28  5:23  Drone x3  
  28  5:25  Zergling x2  
  35  5:31  Overlord  
  35  5:42  Zergling x2  
  33  5:59  Zergling x18  
  42  6:08  Roach Warren  
  41  6:14  Evolution Chamber  
  39  6:34  Overlord x2  
  39  6:35  Overlord  
  39  6:36  Drone x2  
  31  6:50  Zergling x2  
  31  6:51  Zergling x8  
  36  7:02  Zerg Missile Weapons Level 1  
  36  7:05  Lair  
  36  7:17  Drone  
  36  7:18  Drone x4  
  41  7:24  Extractor  
  39  7:49  Roach  
  39  7:50  Roach x7  
  55  7:57  Drone x3  
  58  8:01  Overlord  
  58  8:05  Glial Reconstitution  
  58  8:20  Drone  
  58  8:21  Drone x4  
  59  8:41  Drone x2  
  61  8:43  Extractor x2  
  59  8:55  Hatchery  
  59  8:56  Roach x4  
  66  9:13  Overlord x2  
  66  9:14  Overlord x2  
  66  9:31  Drone x4  
  67  9:32  Drone x4  
  74  9:51  Spore Crawler  
  74  9:52  Spore Crawler  
  69  10:13  Queen  
  69  10:14  Drone  
  72  10:16  Drone x7  
  72  10:17  Drone x5  
  84  10:21  Hydralisk Den  
  84  10:23  Zerg Missile Weapons Level 2  
  84  10:26  Drone  
  84  10:32  Drone x2  
  86  10:42  Overlord x2  
  86  10:43  Overlord  
  86  10:48  Drone  
  87  10:50  Extractor  
  87  10:51  Extractor  
  85  10:59  Drone  
  85  11:00  Drone  
  85  11:01  Drone  
  88  11:04  Hydralisk  
  88  11:05  Hydralisk x6  
  88  11:08  Muscular Augments  
  88  11:10  Overseer  
  88  11:11  Overseer  
  102  11:15  Roach x2  
  106  11:27  Spore Crawler  
  106  11:32  Hydralisk  
  105  11:33  Hydralisk x6  
  119  11:46  Hydralisk  
  119  11:50  Overlord, Drone  
  119  11:51  Overlord x4  
  122  11:59  Spore Crawler  
  121  12:04  Spore Crawler, Overlord x3  
  121  12:05  Overlord  
  120  12:19  Roach  
  120  12:20  Roach x5  
  132  12:48  Infestation Pit  
  132  12:50  Roach  
  149  12:51  Roach x11  
  149  12:57  Overlord x2  
  155  13:14  Spire  
  154  13:35  Hatchery  
  151  13:48  Hatchery, Hydralisk  
  151  13:49  Hydralisk x6  
  151  13:53  Overlord  
Tags
 
Matchup
ZvZ
Race
Zerg
Replay Pack
replays1
Spawn Locations
Cross Positions
Add a new tag
Caveats
  • Supply blocks, unpowered buildings, or Contaminate may cause inaccurate times.
  • Supply counts are checked every 10 seconds.